 Dungeon Crawl Stone Soup version 0.29-a0-275-g389c0b56f3 (webtiles) character file.

Game seed: 4309404582390210840

4395 enile the Skirmisher (level 10, -14/79 HPs)
             Began as a Demonspawn Wanderer on Mar 11, 2022.
             Was an Initiate of Yredelemnul.
             Demolished by a komodo dragon (31 damage)
             ... on level 9 of the Dungeon.
             The game lasted 00:22:55 (11470 turns).

enile the Skirmisher (Demonspawn Wanderer)         Turns: 11470, Time: 00:22:56

Health: -14/79     AC:  5    Str: 15    XL:     10   Next: 13%
Magic:  14/14      EV: 19    Int: 16    God:    Yredelemnul [......]
Gold:   523        SH:  0    Dex: 14    Spells: 11/15 levels left

rFire   . . .      SeeInvis .   n - +4 long sword of Eczohehe {freeze, rElec Int+2}
rCold   . . .      Faith    .   (no shield)
rNeg    . . .      Spirit   .   f - +1 robe
rPois   .          Reflect  .   (no helmet)
rElec   +          Harm     .   (no cloak)
rCorr   .          Rampage  .   (no gloves)
Will    .....                   (no boots)
Stlth   ++........              (no amulet)
HPRegen 0.23/turn               F - ring of flight
MPRegen 0.14/turn               (no ring)

@: agile, flying
A: hooves 2, molten scales 1, powered by pain 1
a: Renounce Religion, Recall Undead Harvest


You were on level 9 of the Dungeon.
You worshipped Yredelemnul.
Yredelemnul was noncommittal.
You visited 1 branch of the dungeon, and saw 9 of its levels.
You also visited: Ossuary and Bailey.

You collected 603 gold pieces.
You spent 80 gold pieces at shops.

Inventory:

Hand Weapons
 a - a +2 hand crossbow
 c - a +0 dagger
 d - a +1 halberd of electrocution
 m - the +10 whip "Death Rattle" {vorpal, rF+}
   (You found it on level 2 of the Dungeon)

   It inflicts extra damage upon your enemies.
   rF:        It protects you from fire.
 n - the +4 long sword of Eczohehe (weapon) {freeze, rElec Int+2}
   (You found it on level 2 of the Dungeon)

   It freezes those it strikes, dealing additional cold damage.
   It can also slow down cold-blooded creatures.
   Int:       It affects your intelligence (+2).
   rElec:     It insulates you from electricity.
 z - a +2 battleaxe of freezing
Missiles
 b - 26 poisoned darts
 e - 259 stones
 J - 5 atropa-tipped darts
Armour
 f - a +1 robe (worn)
 G - a +0 plate armour
Jewellery
 F - a ring of flight (left hand)
Wands
 A - a wand of polymorph (10)
 K - a wand of iceblast (10) (quivered)
Scrolls
 g - 2 scrolls of brand weapon
 k - a scroll of identify
 l - 2 scrolls of enchant weapon
 p - 5 scrolls of teleportation
 r - a scroll of fog
 x - 4 scrolls of enchant armour
 B - a scroll of torment
 C - a scroll of vulnerability
 E - a scroll of magic mapping
Potions
 h - a potion of lignification
 i - a potion of flight
 j - 3 potions of attraction
 o - 2 potions of heal wounds
 q - a potion of invisibility
 s - a potion of degeneration
 t - 7 potions of haste
 u - 5 potions of curing
 v - 3 potions of brilliance
 w - 4 potions of might
 H - a potion of magic
 I - a potion of cancellation
 L - a potion of resistance {unknown}


   Skills:
 - Level 7.0 Fighting
 - Level 6.0 Maces & Flails
 - Level 3.0 Crossbows
 - Level 1.8 Throwing
 - Level 1.0 Armour
 + Level 6.3 Dodging
 - Level 3.0 Stealth
 - Level 3.0 Spellcasting
 - Level 1.6 Conjurations
 - Level 2.1 Earth Magic
 - Level 6.0 Invocations
 - Level 5.0 Evocations


You had 11 spell levels left.
You knew the following spells:

 Your Spells              Type           Power      Damage    Failure   Level
a - Sandblast             Erth           18%        2d7       8%          1
b - Stone Arrow           Conj/Erth      16%        3d8       26%         3

Your spell library contained the following spells:

 Spells                   Type           Power      Damage    Failure   Level
 Passwall                 Tmut/Erth      4%         N/A       19%         2


Dungeon Overview and Level Annotations

Branches:
Dungeon (9/15)             Temple (0/1) D:7         Ossuary (visited)
 Bailey (visited)
   Lair: D:8-11         Orc: D:9-12

Altars:
Ashenzari
Cheibriados
Dithmenos
Elyvilon
Kikubaaqudgha
Ru
Trog
Wu Jian
Yredelemnul

Shops:
D:6 (   D:7 **   D:8 :


Innate Abilities, Weirdness & Mutations

You have hoof-like feet.
You are partially covered in molten scales. (AC +2)
You sometimes gain a little power by taking damage.


Message History

Throw: 5 darts (atropa)
Press: ? - help, Q - select action, (/) - cycle Shift-Dir - straight line, f - komodo dragon
Aim: a komodo dragon (heavily wounded, 69% to hit, chance to blind on hit: 16%)
Okay, then.
Aiming: Throw Flame
Press: ? - help, Shift-Dir - straight line, f - komodo dragon
Aim: a komodo dragon (heavily wounded, 81% to hit)
The puff of flame hits the komodo dragon.
The komodo dragon is heavily wounded.
The now-empty wand crumbles to dust.
Unknown command.
Aiming: Iceblast
Press: ? - help, Q - select action, (/) - cycle Shift-Dir - straight line, f/p - komodo dragon
Aim: a komodo dragon (heavily wounded)
The mass of ice explodes!
The iceblast engulfs the komodo dragon!
The komodo dragon is almost dead.
Aiming: Iceblast
Press: ? - help, Q - select action, (/) - cycle Shift-Dir - straight line, f/p - komodo dragon
Aim: a komodo dragon (almost dead)
The mass of ice explodes!
The iceblast engulfs the komodo dragon.
The komodo dragon is almost dead.
You closely miss the komodo dragon.
The komodo dragon is almost dead.
The komodo dragon completely misses you. x2
Okay, then.
You feel better. The komodo dragon misses you.
You barely miss the komodo dragon. Your kick misses the komodo dragon.
The komodo dragon is almost dead.
The komodo dragon bites you!
* * * LOW HITPOINT WARNING * * *
You barely miss the komodo dragon.
The komodo dragon is almost dead.
The komodo dragon closely misses you. The komodo dragon misses you.
You feel better. The komodo dragon bites you.
* * * LOW HITPOINT WARNING * * *
You closely miss the komodo dragon.
The komodo dragon is almost dead.
The komodo dragon bites you!!
You die...
Your body rises from the dead as a mindless zombie.

#..............>......ZZ.......
#.................Z.ZZ.........
#...................#########..
#...........######### ###
#...........# #........####
###......# #####
#..<...##########...####
#......##...@l...###.l.#
#......##.#####.## ####..#
#......##.# ### ... #.........#
. #.........# #..........#
##........... #.............
#..............


You could see a komodo dragon.

Vanquished Creatures
  A two-headed ogre (D:8)
  Grinder (D:3)
  Prince Ribbit (D:5)
  A hornet (D:9)
  A steam dragon (D:7)
  2 vampire mosquitoes (D:9)
  2 water moccasins
  2 orc warriors
  An ice beast (D:8)
  A black bear (D:6)
  A centaur (D:8)
  A gnoll sergeant (D:7)
  A necrophage (D:7)
  5 scorpions
  5 bullfrogs
  8 wights
  3 howler monkeys (D:7)
  An orc priest (D:8)
  3 hounds
  A jelly (D:6)
  An iguana (D:5)
  5 orc wizards
  8 mummies (Ossuary)
  13 gnolls
  11 adders
  2 white imps
  An ufetubus (D:6)
  An adder zombie (D:4)
  5 worms
  3 dart slugs
  32 orcs
  7 bats
  5 endoplasms
  5 giant cockroaches
  6 goblins
  5 hobgoblins
  6 jackals
  5 quokkas
  3 ball pythons
  A frilled lizard (D:2)
  A gnoll zombie (Ossuary)
  8 kobolds
  2 kobold zombies (Ossuary)
  5 orc zombies (Ossuary)
  A rat (D:1)
184 creatures vanquished.

Vanquished Creatures (collateral kills)
  A water moccasin (D:5)
  An iguana (D:7)
  A gnoll (D:6)
  An adder (D:6)
  An ufetubus (D:5)
  A dart slug (D:5)
  4 orcs
10 creatures vanquished.

Vanquished Creatures (others)
  2 vampire mosquito zombies (D:9)
  A wight (D:8)
  A bullfrog zombie (D:7)
  A howler monkey zombie (D:7)
  A gnoll (Bailey)
  A steam dragon zombie (D:7)
  3 gnoll zombies (Bailey)
  A quokka (D:3)
  A ball python (D:3)
  10 orc zombies
  A spectral ufetubus (D:6)
  A plant (D:7)
24 creatures vanquished.

Grand Total: 218 creatures vanquished

Notes
Turn   | Place    | Note
-------+----------+-------------------------------------------
     0 | D:1      | enile the Demonspawn Wanderer began the quest for the Orb.
     0 | D:1      | enile set off with the following items: a +2 hand crossbow,
                  | 12 poisoned darts, a +0 dagger, a potion of berserk rage,
                  | 37 stones, a +0 robe; and the following spell memorised:
                  | Sandblast; and the following spells available to memorise:
                  | Stone Arrow
     0 | D:1      | Reached XP level 1. HP: 13/13 MP: 3/3
   248 | D:1      | Reached skill level 1 in Fighting
   424 | D:1      | Gained mutation: You sometimes gain a little power by
                  | taking damage. [demonic ancestry]
   424 | D:1      | Reached XP level 2. HP: 15/21 MP: 5/5
   645 | D:1      | Reached skill level 2 in Fighting
   908 | D:2      | Gained mutation: You are partially covered in molten
                  | scales. (AC +2) [demonic ancestry]
   908 | D:2      | Reached XP level 3. HP: 23/27 MP: 2/6
  1035 | D:2      | Learned a level 3 spell: Stone Arrow
  1087 | D:2      | Reached skill level 1 in Dodging
  1357 | D:2      | Identified the +10 whip "Death Rattle" {vorpal, rF+}
  1586 | D:2      | Identified the +4 long sword of Eczohehe {freeze, rElec
                  | Int+2}
  1794 | D:2      | Reached XP level 4. HP: 16/33 MP: 7/7
  2510 | D:3      | Noticed Grinder
  2518 | D:3      | Killed Grinder
  2519 | D:3      | Reached skill level 4 in Fighting
  2519 | D:3      | Reached skill level 1 in Stealth
  2519 | D:3      | Gained mutation: You have large cloven feet. [demonic
                  | ancestry]
  2519 | D:3      | Reached XP level 5. HP: 42/42 MP: 8/8
  2519 | D:3      | Reached XP level 6. HP: 48/48 MP: 9/9
  2795 | D:3      | Found a faded altar of an unknown god.
  2915 | D:3      | Prayed at the altar of an unknown god.
  2915 | D:3      | Became a worshipper of Yredelemnul the Dark
  2969 | D:3      | Reached * piety under Yredelemnul
  3029 | D:4      | Found an ornate altar of the Wu Jian Council.
  3552 | D:4      | Reached skill level 5 in Fighting
  3570 | D:4      | Found a sand-covered staircase.
  3579 | Ossuary  | Entered an ossuary
  3605 | Ossuary  | Reached skill level 1 in Maces & Flails
  3732 | Ossuary  | Reached skill level 1 in Invocations
  3732 | Ossuary  | Reached XP level 7. HP: 56/56 MP: 10/10
  4685 | D:5      | Entered Level 5 of the Dungeon
  4713 | D:5      | Noticed Prince Ribbit
  4729 | D:5      | Killed Prince Ribbit
  4773 | D:5      | Found a large runed translucent door.
  4777 | D:5      | Found a large runed translucent door.
  5532 | D:5      | Found a snail-covered altar of Cheibriados.
  5631 | D:5      | Reached XP level 8. HP: 60/62 MP: 12/12
  5707 | D:5      | Reached ** piety under Yredelemnul
  5822 | D:5      | Found a broken altar of Ashenzari.
  5848 | D:5      | Found a shadowy altar of Dithmenos.
  5952 | D:6      | Found Rays's Weapon Shop.
  6039 | D:6      | Found a bloodstained altar of Trog.
  6040 | D:6      | Found an ancient bone altar of Kikubaaqudgha.
  6130 | D:6      | Reached skill level 6 in Fighting
  6391 | D:6      | Reached skill level 5 in Invocations
  6985 | D:7      | Found a flagged portal.
  7027 | Bailey   | Entered a bailey
  7078 | Bailey   | Reached skill level 1 in Conjurations
  7919 | D:7      | Reached XP level 9. HP: 67/69 MP: 13/13
  8393 | D:7      | Found Maota's Specific Store.
  8395 | D:7      | Found Lonuqoa's General Store.
  8400 | D:7      | Bought a scroll of teleportation for 48 gold pieces
  8400 | D:7      | Bought a scroll of identify for 32 gold pieces
  8428 | D:7      | Found a staircase to the Ecumenical Temple.
  8444 | D:7      | Reached skill level 5 in Evocations
  9270 | D:8      | Found a sacrificial altar of Ru.
  9351 | D:8      | Noticed a two-headed ogre
  9383 | D:8      | Killed a two-headed ogre
  9384 | D:8      | Reached skill level 7 in Fighting
  9384 | D:8      | Reached skill level 5 in Maces & Flails
  9573 | D:8      | Reached skill level 5 in Dodging
  9864 | D:8      | Found Gearhinta's Book Emporium.
 10954 | D:9      | Gained mutation: You have hoof-like feet. [demonic
                  | ancestry]
 10954 | D:9      | Reached XP level 10. HP: 50/79 MP: 14/14
 11470 | D:9      | Demolished by a komodo dragon

Illustrated notes

Levels and vault maps discovered:
D:1:      matt_arrival_refuge, layout_loops_ring
D:2:      layout_basic
D:3:      layout_rooms, elyvilon_altar_4, shapermc_ecumenical_altar_mp_vishouse,
          guppyfry_early_lair_pool, uniq_grinder
D:4:      layout_layer_cave, nicolae_wu_jian_wuxing_cycle,
          nicolae_ossuary_entry_ruins
D:5:      layout_loops_ring, kennysheep_slug_shrine, jmf_multi_god_temple2,
          uniq_prince_ribbit1
D:6:      layout_loops_ring, mainiacjoe_overflow_divided_tiny,
          nicolae_stop_n_shop_2
D:7:      layout_basic, minmay_temple_entry_junction, enter_bailey_2,
          nicolae_specific_store, nicolae_grassy_gnolls
D:8:      layout_basic, mainiacjoe_overflow_boulevard, serial_shops,
          shop_fountains
D:9:      layout_irregular_city, erik_lair_dragon

Skill      XL: |  1  2  3  4  5  6  7  8  9 10 |
---------------+-------------------------------+-----
Fighting       | 1 2 4 5 6 7 |  7.0
Crossbows      | 3 |  3.0
Dodging        | 2 3 4 5 6 |  6.3
Stealth        | 1 2 3 |  3.0
Maces & Flails | 2 3 4 6 |  6.0
Invocations    | 1 4 6 |  6.0
Earth Magic    | 2 |  2.1
Spellcasting   | 3 |  3.0
Conjurations   | 1 |  1.6
Evocations     | 3 5 |  5.0
Throwing       | |  1.8
Armour         | |  1.0

Action                   |  1- 3 |  4- 6 |  7- 9 | 10-12 || total
-------------------------+-------+-------+-------+-------++-------
Melee: Whip              |    19 |    68 |   243 |    13 ||   343
       Punch             |     1 |     1 |     1 |       ||     3
       Kick              |       |     7 |    55 |     3 ||    65
       Long sword        |       |       |       |     4 ||     4
 Fire: Hand crossbow     |    75 |       |       |       ||    75
Throw: Dart              |     1 |       |    10 |     2 ||    13
       Stone             |       |     1 |       |       ||     1
 Cast: Sandblast         |     5 |     1 |    24 |       ||    30
       Stone Arrow       |     4 |     2 |     6 |       ||    12
Evoke: Wand              |       |       |    15 |     3 ||    18
  Use: Potion            |       |     4 |     8 |     3 ||    15
       Scroll            |       |     9 |    14 |     2 ||    25
 Stab: Sleeping          |       |     1 |    13 |     1 ||    15
Armor: Robe              |     8 |    16 |    65 |     2 ||    91
       Skin              |       |       |     5 |       ||     5
Dodge: Dodged            |    44 |    52 |   195 |     9 ||   300

Table legend: (Time is in decaauts)
 A = Elapsed time spent in this place.
 B = Non-inter-level travel time spent in this place.
 C = Inter-level travel time spent in this place.
 D = Time resting spent in this place.
 E = Time spent auto-exploring this place.
 F = Levels seen in this place.
 G = Mean time per level.
                   A        B        C        D        E       F      G
               +--------+--------+--------+--------+--------+-----+--------+
         Total |  11497 |  10983 |    514 |    400 |   8962 |  11 | 1045.2 |
       Dungeon |  10446 |   9932 |    514 |    223 |   8330 |   9 | 1160.7 |
       Ossuary |    274 |    274 |      0 |      0 |    191 |   1 |  274.0 |
        Bailey |    776 |    776 |      0 |    177 |    441 |   1 |  776.0 |
               +--------+--------+--------+--------+--------+-----+--------+

Top non-repeatable levels by time:
     D:2: 1543 daAuts
     D:7: 1510 daAuts
     D:8: 1389 daAuts
     D:4: 1384 daAuts
     D:5: 1228 daAuts
     D:6: 1074 daAuts
     D:1: 903 daAuts
     D:9: 791 daAuts
  Bailey: 776 daAuts
     D:3: 621 daAuts
 Ossuary: 274 daAuts
